PL
BROOKLYN DODGERS @ PANAMA CITY PIRANHAS
09/20/2029
 
TOP OF THE 1ST
Brooklyn Dodgers batting - Pitching for Panama City Piranhas : LHP Wayne Craig
Pitching: LHP Wayne Craig
Batting: LHB Ki-tak Im 0-0: Bunt for hit - play at first, batter OUT! 1-3
Batting: LHB Mysterious Walker 0-0: Ball
1-0: Ball
2-0: Foul Ball, location: 2F
2-1: Ball
3-1: Base on Balls
Batting: LHB Jérôme Masson 0-0: Ball
1-0: Fly out, F9 (Flyball, 9D)
Batting: LHB Manuel Carmona 0-0: Ball
1-0: Ball
2-0: Called Strike
2-1: Reached on error, E7 (Flyball, 7D)
Mysterious Walker to third
Batting: RHB Brent Ryan 0-0: Ball
1-0: Called Strike
1-1: Swinging Strike
1-2: Ball
2-2: Fly out, F8 (Line Drive, 78M)
Top of the 1st over - 0 runs, 0 hits, 1 error, 2 left on base; Brooklyn 0 - Panama City 0
BOTTOM OF THE 1ST
Panama City Piranhas batting - Pitching for Brooklyn Dodgers : LHP Todd Hines
Pitching: LHP Todd Hines
Batting: RHB Juan Jose Ayala 0-0: Ball
1-0: Ball
2-0: Ball
3-0: Foul Ball, location: 2F
3-1: Base on Balls
Batting: RHB Baldomero Avino 0-0: Ball
1-0: Called Strike
1-1: Ball
2-1: Ball
3-1: Swinging Strike
3-2: Strikes out swinging
Juan Jose Ayala steals 2nd base
Batter strikes out.
Batting: RHB Andy Putman 0-0: Called Strike
0-1: Ball
1-1: SINGLE (Popup, 6D)
Juan Jose Ayala to third
Runner from 3rd tries for Home, SAFE, no throw
Batting: RHB Cale Sutton 0-0: Foul Ball, location: 2F
0-1: Ball
1-1: Ball
2-1: Ball
3-1: Swinging Strike
3-2: Foul Ball, location: 2F
3-2: Strikes out looking
Batting: RHB Fernando Silva 0-0: 2-RUN HOME RUN (Flyball, 7LD), Distance : 355 ft
Batting: RHB Raúl Ortíz 0-0: Called Strike
0-1: Ball
1-1: Swinging Strike
1-2: Ball
2-2: Ball
3-2: DOUBLE (Line Drive, 8RD)
Batting: RHB Armando Alvarado 0-0: Ball
1-0: Foul Ball, location: 2F
1-1: Ball
2-1: Ball
3-1: Foul Ball, location: 2F
3-2: Base on Balls
Batting: RHB Darrell Terwey 0-0: Called Strike
0-1: Fly out, F8 (Flyball, 8RD)
Bottom of the 1st over - 3 runs, 3 hits, 0 errors, 2 left on base; Brooklyn 0 - Panama City 3
TOP OF THE 2ND
Brooklyn Dodgers batting - Pitching for Panama City Piranhas : LHP Wayne Craig
Batting: RHB Ulbert Sutkamp 0-0: Swinging Strike
0-1: Ground out 5-3 (Groundball, 5)
Batting: SHB Juan Rivas 0-0: Ball
1-0: Ball
2-0: Called Strike
2-1: Called Strike
2-2: Foul Ball, location: 2F
2-2: Fly out, F7 (Flyball, 7S)
Batting: RHB Chandler Bailey 0-0: SINGLE (Flyball, 89M)
Batting: RHB Vincent Crane 0-0: Foul Ball, location: 2F
0-1: Ball
1-1: Foul Ball, location: 2F
1-2: Ball
2-2: SINGLE (Groundball, 34D)
Chandler Bailey to second
Runner from 2nd tries for 3rd, SAFE, no throw
Batting: LHB Ki-tak Im 0-0: Called Strike
0-1: Ball
1-1: Foul Ball, location: 2F
1-2: Ground out 4-3 (Groundball, 4)
Top of the 2nd over - 0 runs, 2 hits, 0 errors, 2 left on base; Brooklyn 0 - Panama City 3
BOTTOM OF THE 2ND
Panama City Piranhas batting - Pitching for Brooklyn Dodgers : LHP Todd Hines
Batting: RHB Bill Tan 0-0: Swinging Strike
0-1: Ball
1-1: Ball
2-1: Fly out, F8 (Flyball, 8RS)
Batting: RHB Juan Jose Ayala 0-0: Ball
1-0: Ball
2-0: Ball
3-0: Base on Balls
Batting: RHB Baldomero Avino 0-0: Called Strike
0-1: Fly out, F7 (Flyball, 7LS)
Batting: RHB Andy Putman 0-0: Ball
1-0: Ball
2-0: Called Strike
2-1: Foul Ball, location: 2F
2-2: SINGLE (Flyball, 89M)
Juan Jose Ayala to second
Runner from 2nd tries for 3rd, OUT!
Bottom of the 2nd over - 0 runs, 1 hit, 0 errors, 1 left on base; Brooklyn 0 - Panama City 3
TOP OF THE 3RD
Brooklyn Dodgers batting - Pitching for Panama City Piranhas : LHP Wayne Craig
Batting: LHB Mysterious Walker 0-0: Ball
1-0: Foul Ball, location: 2F
1-1: Fly out, F2 (Popup, 25F)
Batting: LHB Jérôme Masson 0-0: Swinging Strike
0-1: Called Strike
0-2: Ball
1-2: Ball
2-2: Ball
3-2: Fly out, F8 (Flyball, 8RS)
Batting: LHB Manuel Carmona 0-0: SOLO HOME RUN (Flyball, 89XD), Distance : 400 ft
Batting: RHB Brent Ryan 0-0: Ball
1-0: Swinging Strike
1-1: Swinging Strike
1-2: Ground out 6-3 (Groundball, 6)
Top of the 3rd over - 1 run, 1 hit, 0 errors, 0 left on base; Brooklyn 1 - Panama City 3
BOTTOM OF THE 3RD
Panama City Piranhas batting - Pitching for Brooklyn Dodgers : LHP Todd Hines
Batting: RHB Cale Sutton 0-0: Foul Ball, location: 2F
0-1: Swinging Strike
0-2: Fly out, F8 (Flyball, 89M)
Batting: RHB Fernando Silva 0-0: Ball
1-0: Swinging Strike
1-1: Called Strike
1-2: Fly out, F7 (Flyball, 78M)
Batting: RHB Raúl Ortíz 0-0: SINGLE (Groundball, 6MD)
Batting: RHB Armando Alvarado 0-0: Called Strike
0-1: SINGLE (Line Drive, 9LS)
Raúl Ortíz to second
Runner from 2nd tries for 3rd, SAFE, no throw
Batting: RHB Darrell Terwey 0-0: Called Strike
0-1: Ball
1-1: Ball
2-1: Fielders Choice at 2nd, U6 (Groundball, 6M)
Bottom of the 3rd over - 0 runs, 2 hits, 0 errors, 2 left on base; Brooklyn 1 - Panama City 3
TOP OF THE 4TH
Brooklyn Dodgers batting - Pitching for Panama City Piranhas : LHP Wayne Craig
Batting: RHB Ulbert Sutkamp 0-0: Fly out, F5 (Line Drive, 5)
Batting: SHB Juan Rivas 0-0: Ground out 4-3 (Groundball, 4)
Batting: RHB Chandler Bailey 0-0: Ball
1-0: Foul Ball, location: 2F
1-1: Ball
2-1: SINGLE (Groundball, 56S) (infield hit)
Batting: RHB Vincent Crane 0-0: Foul Ball, location: 2F
0-1: Ball
1-1: Foul Ball, location: 2F
1-2: Ball
2-2: SINGLE (Groundball, 34D)
Chandler Bailey to second
Runner from 2nd tries for 3rd, SAFE, no throw
Batting: LHB Ki-tak Im 0-0: Ball
1-0: SINGLE (Line Drive, 9S)
Chandler Bailey scores
Vincent Crane to second
Batting: LHB Mysterious Walker 0-0: Ball
1-0: Ground out 4-3 (Groundball, 4)
Top of the 4th over - 1 run, 3 hits, 0 errors, 2 left on base; Brooklyn 2 - Panama City 3
BOTTOM OF THE 4TH
Panama City Piranhas batting - Pitching for Brooklyn Dodgers : LHP Todd Hines
Batting: RHB Bill Tan 0-0: Ball
1-0: Ball
2-0: Fly out, F7 (Line Drive, 7)
Batting: RHB Juan Jose Ayala 0-0: Ball
1-0: Fly out, F9 (Flyball, 9S)
Batting: RHB Baldomero Avino 0-0: Ball
1-0: Ball
2-0: Foul Ball, location: 2F
2-1: Ground out 5-3 (Groundball, 5)
Bottom of the 4th over - 0 runs, 0 hits, 0 errors, 0 left on base; Brooklyn 2 - Panama City 3
TOP OF THE 5TH
Brooklyn Dodgers batting - Pitching for Panama City Piranhas : LHP Wayne Craig
Batting: LHB Jérôme Masson 0-0: Foul Ball, location: 2F
0-1: Fly out, F5 (Popup, 56)
Batting: LHB Manuel Carmona 0-0: Called Strike
0-1: DOUBLE (Flyball, 78XD)
Batting: RHB Brent Ryan 0-0: Ball
1-0: Swinging Strike
1-1: Ball
2-1: Called Strike
2-2: Ball
3-2: Foul Ball, location: 2F
3-2: Ground out 3-1 (Groundball, 34)
Manuel Carmona to third
Batting: RHB Ulbert Sutkamp 0-0: Ball
1-0: Foul Ball, location: 2F
1-1: Ball
2-1: Ball
3-1: Base on Balls
Batting: SHB Juan Rivas 0-0: Ball
1-0: Foul Ball, location: 2F
1-1: Ball
2-1: SINGLE (Groundball, 56D)
Manuel Carmona scores
Ulbert Sutkamp to second
Batting: RHB Chandler Bailey 0-0: Ball
1-0: DOUBLE (Line Drive, 9LM)
Ulbert Sutkamp scores
Juan Rivas to third
Runner from 3rd tries for Home, SAFE, no throw
Pitching: RHP José Alaniz
Batting: RHB Vincent Crane 0-0: Ground out 3-1 (Groundball, 34)
Top of the 5th over - 3 runs, 3 hits, 0 errors, 1 left on base; Brooklyn 5 - Panama City 3
BOTTOM OF THE 5TH
Panama City Piranhas batting - Pitching for Brooklyn Dodgers : LHP Todd Hines
Batting: RHB Andy Putman 0-0: Called Strike
0-1: Swinging Strike
0-2: Fly out, F8 (Line Drive, 89XD)
Batting: RHB Cale Sutton 0-0: Called Strike
0-1: Called Strike
0-2: Strikes out looking
Batting: RHB Fernando Silva 0-0: Foul Ball, location: 2F
0-1: Ground out 3-1 (Groundball, 34)
Bottom of the 5th over - 0 runs, 0 hits, 0 errors, 0 left on base; Brooklyn 5 - Panama City 3
TOP OF THE 6TH
Brooklyn Dodgers batting - Pitching for Panama City Piranhas : RHP José Alaniz
Batting: LHB Ki-tak Im 0-0: Swinging Strike
0-1: Ground out 4-3 (Groundball, 34)
Batting: LHB Mysterious Walker 0-0: Ball
1-0: Ground out 1-3 (Groundball, 13S)
Batting: LHB Jérôme Masson 0-0: Ball
1-0: Foul Ball, location: 2F
1-1: TRIPLE (Line Drive, 8RXD)
Batting: LHB Manuel Carmona 0-0: Ball
1-0: Ball
2-0: Ball
3-0: Base on Balls
Batting: RHB Brent Ryan 0-0: Ball
1-0: Called Strike
1-1: SINGLE (Line Drive, 7S)
Jérôme Masson scores
Manuel Carmona to second
Batting: RHB Ulbert Sutkamp 0-0: Called Strike
0-1: Ball
1-1: Swinging Strike
1-2: Ball
2-2: Ball
3-2: Foul Ball, location: 2F
3-2: Strikes out swinging
Top of the 6th over - 1 run, 2 hits, 0 errors, 2 left on base; Brooklyn 6 - Panama City 3
BOTTOM OF THE 6TH
Panama City Piranhas batting - Pitching for Brooklyn Dodgers : LHP Todd Hines
Batting: RHB Raúl Ortíz 0-0: Called Strike
0-1: Swinging Strike
0-2: Strikes out swinging
Batting: RHB Armando Alvarado 0-0: Swinging Strike
0-1: Ball
1-1: Called Strike
1-2: Ball
2-2: Fly out, F7 (Flyball, 78D)
Batting: RHB Darrell Terwey 0-0: Foul Ball, location: 2F
0-1: Foul Ball, location: 2F
0-2: Ball
1-2: Strikes out swinging
Bottom of the 6th over - 0 runs, 0 hits, 0 errors, 0 left on base; Brooklyn 6 - Panama City 3
TOP OF THE 7TH
Brooklyn Dodgers batting - Pitching for Panama City Piranhas : RHP José Alaniz
Batting: SHB Juan Rivas 0-0: Ground out 4-3 (Groundball, 4)
Batting: RHB Chandler Bailey 0-0: Ball
1-0: Swinging Strike
1-1: Ground out 4-3 (Groundball, 4)
Batting: RHB Vincent Crane 0-0: Ball
1-0: Ball
2-0: SINGLE (Groundball, 6MD)
Batting: LHB Ki-tak Im 0-0: 2-RUN HOME RUN (Line Drive, 78XD), Distance : 392 ft
Batting: LHB Mysterious Walker 0-0: Called Strike
0-1: Ball
1-1: Ball
2-1: Called Strike
2-2: Ball
3-2: Fly out, F7 (Flyball, 7S)
Top of the 7th over - 2 runs, 2 hits, 0 errors, 0 left on base; Brooklyn 8 - Panama City 3
BOTTOM OF THE 7TH
Panama City Piranhas batting - Pitching for Brooklyn Dodgers : LHP Todd Hines
Batting: RHB Bill Tan 0-0: Ball
1-0: Swinging Strike
1-1: Ball
2-1: Swinging Strike
2-2: Foul Ball, location: 2F
2-2: Ground out 6-3 (Groundball, 6)
Pitching: RHP Víctor García
Batting: RHB Juan Jose Ayala 0-0: Ball
1-0: Called Strike
1-1: Ball
2-1: Called Strike
2-2: Foul Ball, location: 2F
2-2: Ground out 3-1 (Groundball, 34S)
Batting: RHB Baldomero Avino 0-0: Called Strike
0-1: Foul Ball, location: 2F
0-2: Ball
1-2: Foul Ball, location: 2F
1-2: Foul Ball, location: 2F
1-2: Ball
2-2: Foul Ball, location: 2F
2-2: Ball
3-2: SINGLE (Flyball, 7S)
Batting: RHB Andy Putman 0-0: Swinging Strike
0-1: Called Strike
0-2: SINGLE (Flyball, 8RS)
Baldomero Avino to second
Batting: RHB Cale Sutton 0-0: Called Strike
0-1: Swinging Strike
0-2: Ball
1-2: Ball
2-2: Foul Ball, location: 2F
2-2: Strikes out swinging
Bottom of the 7th over - 0 runs, 2 hits, 0 errors, 2 left on base; Brooklyn 8 - Panama City 3
TOP OF THE 8TH
Brooklyn Dodgers batting - Pitching for Panama City Piranhas : RHP José Alaniz
Batting: LHB Jérôme Masson 0-0: Fly out, F8 (Flyball, 8RD)
Batting: LHB Manuel Carmona 0-0: Ball
1-0: DOUBLE (Flyball, 8RD)
Batting: RHB Brent Ryan 0-0: Ball
1-0: Swinging Strike
1-1: Ball
2-1: DOUBLE (Line Drive, 78D)
Manuel Carmona scores
Pitching: RHP Edgardo Nava
Batting: RHB Ulbert Sutkamp 0-0: 2-RUN HOME RUN (Flyball, 9LD), Distance : 362 ft
Batting: SHB Juan Rivas 0-0: Foul Ball, location: 2F
0-1: Ball
1-1: Ball
2-1: Foul Ball, location: 2F
2-2: Ball
3-2: Ground out 6-3 (Groundball, 6)
Batting: RHB Chandler Bailey 0-0: Ball
1-0: Swinging Strike
1-1: Ball
2-1: Ball
3-1: Base on Balls
Batting: RHB Vincent Crane 0-0: SINGLE (Line Drive, 56D)
Chandler Bailey to second
Batting: LHB Ki-tak Im 0-0: Called Strike
0-1: Ball
1-1: Called Strike
1-2: Ground out 4-3 (Groundball, 4)
Top of the 8th over - 3 runs, 4 hits, 0 errors, 2 left on base; Brooklyn 11 - Panama City 3
BOTTOM OF THE 8TH
Panama City Piranhas batting - Pitching for Brooklyn Dodgers : RHP Víctor García
Batting: RHB Fernando Silva 0-0: Ball
1-0: Ground out U3 (Groundball, 3)
Batting: RHB Raúl Ortíz 0-0: Foul Ball, location: 2F
0-1: Ball
1-1: Called Strike
1-2: Ball
2-2: Strikes out swinging
Batting: RHB Armando Alvarado 0-0: Ball
1-0: Called Strike
1-1: Ball
2-1: Ball
3-1: Base on Balls
Batting: RHB Darrell Terwey 0-0: Called Strike
0-1: Fielders Choice at 2nd, 6-4 (Groundball, 6)
Bottom of the 8th over - 0 runs, 0 hits, 0 errors, 1 left on base; Brooklyn 11 - Panama City 3
TOP OF THE 9TH
Brooklyn Dodgers batting - Pitching for Panama City Piranhas : RHP Edgardo Nava
Batting: LHB Mysterious Walker 0-0: Ball
1-0: Foul Ball, location: 2F
1-1: Ball
2-1: Called Strike
2-2: Ball
3-2: Foul Ball, location: 2F
3-2: SINGLE (Flyball, 8LS)
Batting: LHB Jérôme Masson 0-0: Called Strike
0-1: Swinging Strike
0-2: Ball
1-2: Ball
2-2: Strikes out swinging
Batting: LHB Manuel Carmona 0-0: Ball
1-0: Fly out, F4 (Popup, 34D)
Batting: RHB Brent Ryan 0-0: Called Strike
0-1: Reached on error, E6 (Groundball, 56)
Mysterious Walker to second
Batting: RHB Ulbert Sutkamp 0-0: Called Strike
0-1: Swinging Strike
0-2: Ball
1-2: Fly out, F3 (Popup, 34S)
Top of the 9th over - 0 runs, 1 hit, 1 error, 2 left on base; Brooklyn 11 - Panama City 3
BOTTOM OF THE 9TH
Panama City Piranhas batting - Pitching for Brooklyn Dodgers : RHP Víctor García
Batting: RHB Bill Tan 0-0: Ball
1-0: Ground out 4-3 (Groundball, 4)
Batting: RHB Juan Jose Ayala 0-0: Ball
1-0: Ball
2-0: Swinging Strike
2-1: Swinging Strike
2-2: SOLO HOME RUN (Line Drive, 7LD), Distance : 338 ft
Batting: RHB Baldomero Avino 0-0: Ball
1-0: Called Strike
1-1: Fly out, F9 (Flyball, 9S)
Batting: RHB Andy Putman 0-0: Called Strike
0-1: Called Strike
0-2: Fly out, F8 (Flyball, 8LD)
Bottom of the 9th over - 1 run, 1 hit, 0 errors, 0 left on base; Brooklyn 11 - Panama City 4
Tuesday, December 19th, 2017 - OOTP Baseball 18.8 Build 76